 Dungeon Crawl Stone Soup version 0.29-a0-350-g7790a0e70a (webtiles) character file.

Game seed: 1301881706638328697

390 zishaf the Sneak (level 6, 0/32 HPs)
             Began as a Vine Stalker Brigand on Apr 22, 2022.
             Succumbed to an orc wizard's poison
             ... on level 4 of the Dungeon.
             The game lasted 00:04:32 (3324 turns).

zishaf the Sneak (Vine Stalker Brigand)             Turns: 3324, Time: 00:04:33

Health: 0/32       AC: 14    Str: 14    XL:     6   Next: 80%
Magic:  1/7        EV: 10    Int: 11    God:
Gold:   93         SH:  5    Dex: 17    Spells: 5/5 levels left

rFire   . . .      SeeInvis .   v - +2 short sword (protect)
rCold   . . .      Faith    .   (no shield)
rNeg    . . .      Spirit   +   o - +0 ring mail of the Moon {+Inv}
rPois   .          Reflect  +   l - +0 helmet
rElec   .          Harm     .   c - +0 cloak
rCorr   .          Rampage  .   (no gloves)
Will    .....                   (no boots)
Stlth   +++.......              k - amulet of reflection
HPRegen 0.90/turn               (no ring)
MPRegen 0.10/turn               (no ring)

@: lethally poisoned (0 -> -3), under a protective aura
A: fangs 2, regeneration 1, magic shield, antimagic bite, no potion heal 2
a: Evoke Invisibility


You were on level 4 of the Dungeon.
You visited 1 branch of the dungeon, and saw 4 of its levels.

You collected 93 gold pieces.

Inventory:

Hand Weapons
 a - a +3 dagger
 v - a +2 short sword of protection (weapon)
Missiles
 d - 14 poisoned darts (quivered)
 e - 2 curare-tipped darts
 p - 3 boomerangs
Armour
 c - a +0 cloak (worn)
 i - a +0 ring mail
 l - a +0 helmet (worn)
 o - the +0 ring mail of the Moon (worn) {+Inv}
   (You found it on level 2 of the Dungeon)

   +Inv:      It lets you turn invisible.
Jewellery
 k - an amulet of reflection (around neck)
Wands
 t - a wand of charming (10)
Scrolls
 f - a scroll of immolation
 g - 3 scrolls of identify
Potions
 j - a potion of haste
 m - a potion of attraction
 n - a potion of resistance
 s - a potion of magic


   Skills:
 + Level 3.4 Fighting
 + Level 3.3 Short Blades
 * Level 3.5 Throwing
 - Level 0.7 Dodging
 + Level 6.6 Stealth
 + Level 0.2 Evocations


You had 5 spell levels left.
You didn't know any spells.
Your spell library contained the following spells:

 Spells                   Type           Power      Damage    Failure   Level
 Beastly Appendage        Tmut           0%         N/A       58%         1
 Wereblood                Tmut           0%         N/A       73%         2
 Spider Form              Tmut/Pois      0%         N/A       91%         3
 Animate Dead             Necr           0%         N/A       100%        4
 Borgnjor's Vile Clutch   Necr/Erth      0%         N/A       100%        5
 Death Channel            Necr           0%         N/A       100%        6


Dungeon Overview and Level Annotations

Branches:
Dungeon (4/15)
 Temple: D:4-7

Altars:
Elyvilon
Makhleb


Innate Abilities, Weirdness & Mutations

You have extremely sharp teeth.
Your natural rate of healing is unusually fast.
When hurt, damage is shared between your health and your magic reserves.
Your bite disrupts and absorbs the magic of your enemies.
Potions cannot restore your health.


Message History

The orc priest calls down the wrath of Beogh upon you.
Beogh smites you!
* * * LOW HITPOINT WARNING * * *
You closely miss the orc.
The orc is lightly wounded.
You feel sick. The orc hits you but does no damage.
You hit the orc.
The orc is severely wounded.
You feel sick.
You hit the orc.
You kill the orc!
You feel sick.
You are no longer poisoned.
The orc wizard's magic is no longer disrupted.
You completely miss the orc priest.
The orc priest is moderately wounded.
You block the orc priest's attack.
You hit the orc priest.
The orc priest is severely wounded.
The orc priest looks encouraged for a moment.
You hit the orc priest. You bite the orc priest.
You kill the orc priest!
You hit the orc wizard.
You bite the orc wizard, but do no damage.
The orc wizard is moderately wounded.
The orc wizard hits you but does no damage.
You closely miss the orc wizard.
The orc wizard is moderately wounded.
The orc wizard hits you with a +1 dagger of venom.
* * * LOW HITPOINT WARNING * * *
You are lethally poisoned!
You miss the orc wizard.
The orc wizard is moderately wounded.
* * * LOW HITPOINT WARNING * * *
You feel very sick. The orc wizard barely misses you.
Okay, then.
You hit the orc wizard.
The orc wizard is moderately wounded.
You die...

.# #.# .## #.# ..###.#
......# ### ## ..#####
#.# .# .## #.# .# .#
###.#####.# .#
........#.# ## #.# #@#o#
##.###o#.#.#### ###
##..............
#.########.#.........####
..........###.######.#
....######.#.## # .....#
#.# ....## ### ...##


You could see an orc wizard.

Vanquished Creatures
  Sigmund (D:3)
  An orc priest (D:4)
  Ijyb (D:3)
  Natasha (thrice) (D:3)
  4 adders (D:3)
  3 worms
  4 orcs
  6 ball pythons
  5 bats
  6 endoplasms
  A giant cockroach (D:2)
  3 goblins
  5 hobgoblins
  8 jackals
  3 quokkas
  4 frilled lizards
  A kobold (D:2)
  7 rats
66 creatures vanquished.

Notes
Turn   | Place    | Note
-------+----------+-------------------------------------------
     0 | D:1      | zishaf the Vine Stalker Brigand began the quest for the
                  | Orb.
     0 | D:1      | Reached XP level 1. HP: 11/11 MP: 2/2
   303 | D:1      | Reached skill level 5 in Stealth
   303 | D:1      | Reached XP level 2. HP: 12/15 MP: 3/3
  1366 | D:2      | Reached XP level 3. HP: 18/18 MP: 4/4
  1527 | D:2      | Found a faded altar of an unknown god.
  2107 | D:2      | Identified the +0 ring mail of the Moon {+Inv}
  2355 | D:3      | Noticed Natasha
  2372 | D:3      | Killed Natasha
  2373 | D:3      | Gained mutation: Your natural rate of healing is unusually
                  | fast. [Vine Stalker growth]
  2373 | D:3      | Reached XP level 4. HP: 5/23 MP: 2/5
  2481 | D:3      | Found a large runed translucent door.
  2495 | D:3      | Found a large runed translucent door.
  2504 | D:3      | Noticed Natasha
  2515 | D:3      | Killed Natasha
  2516 | D:3      | Reached XP level 5. HP: 28/28 MP: 6/6
  2572 | D:3      | Noticed Sigmund
  2586 | D:3      | Killed Sigmund
  2587 | D:3      | Reached skill level 6 in Stealth
  2587 | D:3      | Reached XP level 6. HP: 32/32 MP: 7/7
  2616 | D:3      | Noticed Ijyb
  2627 | D:3      | Noticed Natasha
  2642 | D:3      | Killed Ijyb
  2657 | D:3      | Killed Natasha
  3153 | D:3      | Found a white marble altar of Elyvilon.
  3163 | D:3      | Found a burning altar of Makhleb.
  3323 | D:4      | HP: 1/32 [poisoned by an orc wizard]
  3324 | D:4      | Succumbed to an orc wizard's poison

Illustrated notes

Levels and vault maps discovered:
D:1:      roderic_octagonal_star, layout_basic, serial_co_window_serial,
          co_window_of_opportunity_a, co_window_corner_a, co_window_paths_b,
          co_window_of_opportunity_a, co_window_of_opportunity_a,
          co_window_broadway_a, co_window_2corner, co_window_broadway_c,
          co_window_4corner_b, glass_columns_c, glass_columns_a,
          glass_columns_a, glass_columns_c, minmay_misc_feat_encased
D:2:      layout_basic, dreamdust_ecumenical_altar_angels_and_demons,
          minivault_25
D:3:      layout_loops_ring, jmf_multi_god_temple2, uniq_ijyb, uniq_sigmund,
          uniq_natasha
D:4:      layout_loops_ring, uniq_blork_the_orc, uniq_duvessa,
          uniq_crazy_yiuf_cottage

Skill      XL: |  1  2  3  4  5 |
---------------+----------------+-----
Stealth        | 5 6 |  6.6
Fighting       | 2 3 |  3.4
Short Blades   | 2 3 |  3.3
Throwing       | 2 3 |  3.5
Dodging        | |  0.7
Evocations     | |  0.2

Action                   |  1- 3 |  4- 6 || total
-------------------------+-------+-------++-------
Melee: Dagger            |   109 |   101 ||   210
       Bite              |    24 |    33 ||    57
       Punch             |       |     4 ||     4
       Short sword       |       |    15 ||    15
Throw: Dart              |       |     3 ||     3
  Use: Scroll            |       |    10 ||    10
 Stab: Sleeping          |    11 |     4 ||    15
Armor: Robe              |     6 |       ||     6
       Ring mail         |    24 |    48 ||    72
Dodge: Dodged            |    55 |    46 ||   101
Block: Other             |       |    13 ||    13

Table legend: (Time is in decaauts)
 A = Elapsed time spent in this place.
 B = Non-inter-level travel time spent in this place.
 C = Inter-level travel time spent in this place.
 D = Time resting spent in this place.
 E = Time spent auto-exploring this place.
 F = Levels seen in this place.
 G = Mean time per level.
                   A        B        C        D        E       F      G
               +--------+--------+--------+--------+--------+-----+--------+
         Total |   3296 |   3156 |    140 |     20 |   2567 |   4 |  824.0 |
       Dungeon |   3296 |   3156 |    140 |     20 |   2567 |   4 |  824.0 |
               +--------+--------+--------+--------+--------+-----+--------+

Top non-repeatable levels by time:
     D:1: 1357 daAuts
     D:2: 986 daAuts
     D:3: 839 daAuts
     D:4: 113 daAuts
